 Dungeon Crawl Stone Soup version 0.14-a0-3315-g09e681a (webtiles) character file.

101 4tharraofdagon the Firebug (level 3, 1/24 HPs)
             Began as a Human Fire Elementalist on Mar 15, 2014.
             Quit the game on Level 4 of the Dungeon.
             The game lasted 00:04:26 (814 turns).

4tharraofdagon the Firebug (Human Fire Elementalist) Turns: 814, Time: 00:04:27

HP   1/24        AC  3     Str  8      XL: 3   Next: 92%
MP   0/6         EV 12     Int 16      God:
Gold 55          SH  0     Dex 13      Spells:  2 memorised,  2 levels left

rFire  . . .     SeeInvis .     m - +0 short sword
rCold  . . .     Clarity  .     a - +0 robe
rNeg   . . .     Conserve .     (no shield)
rPois  .         rCorr    .     (no helmet)
rElec  .         rRot     .     i - +0 cloak
SustAb . .       Spirit   .     (no gloves)
rMut   .         Warding  .     (no boots)
Saprov . . .     Stasis   .     (no amulet)
MR     .....                    (no ring)
                                (no ring)

@: lethally poisoned, very slightly contaminated, not resistant to hostile
enchantments, fairly stealthy
A: no striking features
a: no special abilities


You were on level 4 of the Dungeon.
You were not hungry.

You visited 1 branch of the dungeon, and saw 4 of its levels.

You collected 55 gold pieces.

Inventory:

Hand weapons
 d - a +0,+0 dagger
 m - a +0,+0 short sword (weapon)
Armour
 a - a +0 robe (worn)
 i - a +0 cloak (worn)
Comestibles
 c - 2 bread rations
Scrolls
 e - 2 scrolls of random uselessness {unknown}
 f - 2 scrolls of magic mapping {unknown}
 g - 2 scrolls of blinking {unknown}
 h - 2 scrolls of remove curse {unknown}
 j - a scroll of identify {unknown}
 n - a scroll of immolation {unknown}
Potions
 l - a potion of agility {unknown}
Books
 b - a book of Flames

   Spells                             Type                      Level
   *Flame Tongue                      Conjuration/Fire             1
   Throw Flame                        Conjuration/Fire             2
   *Conjure Flame                     Conjuration/Fire             3
   Inner Flame                        Hexes/Fire                   3
   Sticky Flame                       Conjuration/Fire             4
   Fireball                           Conjuration/Fire             5


   Skills:
 - Level 2.0 Dodging
 - Level 2.0 Stealth
 + Level 2.4 Spellcasting
 * Level 1.8 Conjurations
 * Level 3.8 Fire Magic


You had 2 spell levels left.
You knew the following spells:

 Your Spells              Type           Power        Failure   Level  Hunger
a - Flame Tongue          Conj/Fire      ##...        10%         1    #......
b - Conjure Flame         Conj/Fire      ##......     21%         3    ####...


Dungeon Overview and Level Annotations

Branches:
Dungeon (4/15)
 Temple: D:4-7

Altars:
Zin


Message History

The flame misses the adder.
The adder closely misses you.
You see here a quokka corpse.
The adder bites you.
* * * LOW HITPOINT WARNING * * *
The adder bites you.
* * * LOW HITPOINT WARNING * * *
The adder bites you but does no damage.
Casting: Flame Tongue
Confirm with . or Enter, or press ? or * to list all spells.
Aiming: Flame Tongue
Press: ? - help, Shift-Dir - straight line, f/p - adder
Aim: an adder (moderately wounded)
The flame hits the adder.
The adder is heavily wounded.
The adder bites you.
* * * LOW HITPOINT WARNING * * *
You are lethally poisoned!
The adder poisons you!
Unknown command.
Are you sure you want to abandon this character and quit the game? (Confirm with "yes".)

#...# ##.#######.### #..##
#.#######.# ## #..#
#.........# #. #..## ####
##.###########.
#...####..####..# #.....
#............%(.# #.....
#.........#####)# #.....
#.........#####(#######.....
#.........S@....(.........##
########..................#
#..................#
#..................#
#..................+
#..................#
###########........#
#........# #........#


You could see an adder.

Vanquished Creatures
  2 adders
  An orc skeleton (D:4)
  2 giant geckos (D:3)
  A giant cockroach (D:1)
  5 hobgoblins
  A quokka (D:4)
  A giant newt (D:2)
  4 goblins
  2 jackals (D:3)
  5 kobolds
  2 rats
26 creatures vanquished.

Notes
Turn   | Place    | Note
--------------------------------------------------------------
     0 | D:1      | 4tharraofdagon, the Human Fire Elementalist, began the quest for the Orb.
     0 | D:1      | Reached XP level 1. HP: 13/13 MP: 3/3
   141 | D:1      | Reached XP level 2. HP: 11/19 MP: 1/4
   392 | D:2      | Found a glowing silver altar of Zin.
   567 | D:3      | Reached XP level 3. HP: 21/24 MP: 3/6
   577 | D:3      | Learned a level 3 spell: Conjure Flame
   813 | D:4      | HP: 1/24 [adder (3)]
   814 | D:4      | Quit the game

Action                   || total
-------------------------++-------
Melee: Dagger            ||    10
       Short sword       ||    11
 Cast: Flame Tongue      ||    54
  Use: Potion            ||     2
